 Dungeon Crawl Stone Soup version 0.31-a0-229-g1fc7ce9 (webtiles) character file.

Game seed: 12529807569761818259

466 Dawnplanks the Gusty (level 7, 0/37 HPs)
             Began as a Tengu Air Elementalist on July 6, 2023.
             Was an Initiate of Vehumet.
             Slain by a scorpion (5 damage)
             ... on level 5 of the Dungeon.
             The game lasted 00:06:38 (4139 turns).

Dawnplanks the Gusty (Tengu Air Elementalist)       Turns: 4139, Time: 00:06:40

Health: 0/37       AC:  2    Str: 14    XL:     7   Next: 8%
Magic:  9/14       EV: 15    Int: 17    God:    Vehumet [......]
Gold:   243        SH:  0    Dex: 15    Spells: 12/15 levels left

rFire   . . .        j - +3 short sword
rCold   . . .        (no shield)
rNeg    . . .        a - +0 robe
rPois   .            (helmet restricted)
rElec   .            (no cloak)
rCorr   .            (no gloves)
SInv    .            (boots unavailable)
Will    +....        (no amulet)
Stlth   ++           l - +6 ring of strength
HPRegen 0.26/turn    u - ring of willpower
MPRegen 0.14/turn

%: no passive effects
@: lethally poisoned (0 -> -6), flying quickly and evasively, quick
A: beak, talons 3, nimble flight
a: Renounce Religion


You were on level 5 of the Dungeon.
You worshipped Vehumet.
Vehumet was noncommittal.
You visited 2 branches of the dungeon, and saw 6 of its levels.

You collected 243 gold pieces.

Inventory:

Hand Weapons
 j - a +3 short sword (weapon)
 r - the +0 quarterstaff "Ypighu" {flame, rElec Str+4 Dex-3 Stlth+}
   (You found it on level 3 of the Dungeon)

   Str:       It affects your strength (+4).
   Dex:       It affects your dexterity (-3).
   rElec:     It insulates you from electricity.
   Stlth:     It makes you more stealthy.
Armour
 a - a +0 robe (worn)
 p - +0 storm dragon scales
Jewellery
 l - a +6 ring of strength (left hand)
 u - a ring of willpower (right hand)
Wands
 o - a wand of charming (8)
Scrolls
 d - 2 scrolls of blinking {unknown}
 f - a scroll of revelation {unknown}
 h - a scroll of brand weapon {unknown}
 i - a scroll of identify {unknown}
 k - 2 scrolls of vulnerability {unknown}
 n - a scroll of immolation {unknown}
 q - 6 scrolls of teleportation {unknown}
Potions
 b - a potion of magic
 c - a potion of haste {unknown}
 e - 5 potions of curing {unknown}
 g - 3 potions of might {unknown}
 m - a potion of brilliance {unknown}
 s - a potion of resistance {unknown}
 t - a potion of enlightenment {unknown}
 v - a potion of berserk rage {unknown}
 w - a potion of heal wounds {unknown}


   Skills:
 + Level 0.8 Fighting
 + Level 2.7 Dodging
 - Level 2.0 Stealth
 + Level 4.5 Spellcasting
 + Level 4.7 Conjurations
 + Level 6.3 Air Magic


You had 12 spell levels left.
You knew the following spells:

 Your Spells              Type           Power      Damage    Failure   Level
a - Shock                 Conj/Air       88%        1d8       1%          1
b - Static Discharge      Conj/Air       44%        2-4/arc   2%          2

Your spell library contained the following spells:

 Spells                   Type           Power      Damage    Failure   Level
 Swiftness                Air            25%        N/A       3%          3
 Airstrike                Air            12%        2d(2-18)  11%         4
 Sublimation of Blood     Necr           3%         N/A       22%         2
 Wereblood                Tmut           3%         N/A       22%         2
 Summon Lightning Spire   Summ/Air       14%        N/A       38%         4
 Summon Hydra             Summ           1%         N/A       100%        7


Dungeon Overview and Level Annotations

Branches:
Dungeon (5/15)             Temple (1/1) D:5

Altars:
Ashenzari
Dithmenos
Fedhas
Gozag
Hepliaklqana
Kikubaaqudgha
Makhleb
Nemelex Xobeh
Qazlal
Sif Muna
Vehumet
Wu Jian
Xom
Zin


Innate Abilities, Weirdness & Mutations

You have a beak for a mouth.
You have claws for feet.
Your magical nature lets you fly swiftly and evasively.


Message History

Your adder barely misses the scorpion.
The scorpion stings you.
Your adder barely misses the scorpion.
Your adder closely misses the scorpion.
Your adder bites the scorpion.
The scorpion closely misses you. The scorpion attacks as you move away!
The scorpion closely misses you.
Your adder bites the scorpion but does no damage.
The scorpion attacks as you move away! The scorpion closely misses you.
The scorpion attacks as you move away! The scorpion barely misses you.
The scorpion attacks as you move away! The scorpion closely misses you.
You barely miss the scorpion. You claw the scorpion. You peck the scorpion.
The scorpion is heavily wounded.
The scorpion stings you.
You are poisoned.
The scorpion poisons you!
Your adder barely misses the scorpion.
Unknown command.
Casting: Shock (safe; 1% risk of failure)
Confirm with . or Enter, or press ? or * to list all spells.
Really attack your adder?
Okay, then.
Unknown command.
Casting: Static Discharge (safe; 2% risk of failure)
Confirm with . or Enter, or press ? or * to list all spells.
Really attack your adder?
Okay, then.
Casting: Static Discharge (safe; 2% risk of failure)
Confirm with . or Enter, or press ? or * to list all spells.
Okay, then.
You hit the scorpion but do no damage. Your kick misses the scorpion.
The scorpion is heavily wounded.
You feel very sick.
Your adder closely misses the scorpion.
The scorpion stings you!
Unknown command.
Aiming: Charm
Press: ? - help, Shift-Dir - straight line, f - scorpion, p - adder
Aim: a scorpion (heavily wounded, ally target, chance to affect: 49%)
The scorpion resists with some effort.
You feel sick.
Your adder barely misses the scorpion.
The scorpion stings you.
* * * LOW HITPOINT WARNING * * *
Your adder barely misses the scorpion.
The scorpion stings you.
You die...

......... #.#.#.##.# ..######.
#.#.#.##.######## ### #..#
#.#.............# # #..##
#........######.# # ....
#####.#### #.# # ###
#..##.######.# #.# # .. ...
#........# #.# ##.# #.#
##################.### .#.#####.#
####s@................
.........###..S.###########.#####
.............#### #.# #
.#.########### #.# # .#.# #.# #
.#.. #.# # .#### #.# # .##
#.##### ..# #.##...


You could see a scorpion (ally target) and a friendly adder (charmed).

Vanquished Creatures
  A phantom (D:5)
  2 scorpions
  An orc priest (D:5)
  Jessica (D:2)
  2 iguanas (D:5)
  Robin (D:4)
  6 adders
  A white imp (D:5)
  A worm (D:4)
  A dart slug (D:1)
  5 orcs
  3 endoplasms
  6 hobgoblins
  8 quokkas
  9 ball pythons
  3 bats
  4 frilled lizards
  18 goblins
  12 kobolds
  8 rats
93 creatures vanquished.

Notes
Turn   | Place    | Note
-------+----------+-------------------------------------------
     0 | D:1      | Dawnplanks the Tengu Air Elementalist began the quest for
                  | the Orb.
     0 | D:1      | Reached XP level 1. HP: 10/10 MP: 4/4
   155 | D:1      | Reached XP level 2. HP: 15/15 MP: 1/6
   729 | D:1      | Reached XP level 3. HP: 19/19 MP: 4/7
  1017 | D:1      | Learned a level 2 spell: Static Discharge
  1318 | D:2      | Found a faded altar of an unknown god.
  1400 | D:2      | You fall into a shaft and drop 2 floors!
  1437 | D:4      | Noticed a scorpion
  1442 | D:4      | Noticed Robin
  1451 | D:5      | Entered Level 5 of the Dungeon
  1479 | D:5      | Reached skill level 5 in Air Magic
  1479 | D:5      | Reached XP level 4. HP: 24/24 MP: 2/9
  1736 | D:3      | Found a shimmering altar of Xom.
  1888 | D:3      | Found a shadowy altar of Dithmenos.
  1894 | D:3      | Found a stormy altar of Qazlal.
  1899 | D:3      | Found a shimmering blue altar of Sif Muna.
  1983 | D:2      | Gained mutation: Your magical nature lets you fly swiftly
                  | and evasively. [Tengu growth]
  1983 | D:2      | Reached XP level 5. HP: 26/28 MP: 6/10
  2149 | D:2      | Identified the +0 pair of boots of the Buccaneer {rCorr}
  2166 | D:2      | Noticed Jessica
  2170 | D:2      | Killed Jessica
  2983 | D:3      | Identified the +0 quarterstaff "Ypighu" {flame, rElec Str+4
                  | Dex-3 Stlth+}
  3077 | D:4      | Reached XP level 6. HP: 30/33 MP: 0/12
  3379 | D:4      | Killed Robin
  3887 | D:5      | Found a staircase to the Ecumenical Temple.
  3898 | D:5      | Reached skill level 6 in Air Magic
  3907 | Temple   | Entered the Ecumenical Temple
  3944 | Temple   | Became a worshipper of Vehumet
  4127 | D:5      | Reached XP level 7. HP: 25/37 MP: 7/14
  4139 | D:5      | Slain by a scorpion

Illustrated notes

Levels and vault maps discovered:
D:1:      onia_arrival_handbag, layout_basic
D:2:      layout_rooms, ebering_ecumenical_altar_petrified,
          kennysheep_jessica_study
D:3:      layout_loops_corners, mainiacjoe_overflow_boulevard,
          minmay_overflow_temple_star_quad
D:4:      layout_rooms, minmay_misc_feat_plants, uniq_robin
D:5:      layout_loops_ring, minmay_temple_entry_sparse_star,
          nicolae_shop_clearance
Temple:   nicolae_temple_bog_church

Skill      XL: |  1  2  3  4  5  6 |
---------------+-------------------+-----
Conjurations   | 2 3 4 |  4.7
Air Magic      | 5 6 |  6.3
Spellcasting   | 3 4 |  4.5
Fighting       | |  0.8
Dodging        | |  2.7
Stealth        | |  2.0

Action                     |  1- 3 |  4- 6 |  7- 9 || total
---------------------------+-------+-------+-------++-------
  Melee: Kick              |     2 |    10 |     1 ||    13
         Unarmed           |     1 |       |       ||     1
         Whip              |     5 |       |       ||     5
         Short sword       |     7 |    36 |     2 ||    45
         Peck              |     1 |     1 |     1 ||     3
   Cast: Shock             |    78 |    99 |       ||   177
         Static Discharge  |       |     1 |       ||     1
  Evoke: Wand              |       |     1 |     1 ||     2
   Stab: Sleeping          |       |     2 |       ||     2
 Armour: Robe              |     8 |     4 |       ||    12
  Dodge: Dodged            |    11 |    27 |     5 ||    43

Table legend: (Time is in decaauts)
 A = Elapsed time spent in this place.
 B = Non-inter-level travel time spent in this place.
 C = Inter-level travel time spent in this place.
 D = Time resting spent in this place.
 E = Time spent auto-exploring this place.
 F = Levels seen in this place.
 G = Mean time per level.
                   A        B        C        D        E       F      G
               +--------+--------+--------+--------+--------+-----+--------+
         Total |   3987 |   3694 |    293 |    214 |   3030 |   6 |  664.5 |
       Dungeon |   3941 |   3692 |    249 |    214 |   3030 |   5 |  788.2 |
        Temple |     45 |      2 |     43 |      0 |      0 |   1 |   45.0 |
               +--------+--------+--------+--------+--------+-----+--------+

Top non-repeatable levels by time:
     D:1: 1075 daAuts
     D:3: 1056 daAuts
     D:2: 708 daAuts
     D:4: 592 daAuts
     D:5: 509 daAuts
  Temple: 45 daAuts
